 Dungeon Crawl Stone Soup version 0.20.1-1-g8b1a95d (webtiles) character file.

112 slep the Slasher (level 4, -6/35 HPs)
             Began as a Barachi Gladiator on Nov 2, 2017.
             Mangled by an orc
             ... wielding a +0 morningstar
              (8 damage)
             ... on level 3 of the Dungeon.
             The game lasted 00:10:32 (1419 turns).

slep the Slasher (Barachi Gladiator)                Turns: 1419, Time: 00:10:33

Health: -6/35      AC:  4    Str: 16    XL:     4   Next: 93%
Magic:  4/4        EV: 13    Int:  8    God:
Gold:   65         SH:  0    Dex: 14    Spells: 3/3 levels left

rFire    . . .     SeeInvis .   a - +0 long sword
rCold    . . .     Gourm    +   (no shield)
rNeg     . . .     Faith    .   b - +0 leather armour
rPois    .         Spirit   .   c - +0 helmet
rElec    .         Reflect  .   (no cloak)
rCorr    .         Harm     .   (no gloves)
MR       .....                  (no boots)
Stlth    +.........             r - amulet of the gourmand
Regen    0.2/turn               (no ring)
MPRegen  0.1/turn               (no ring)

@: slow
A: +LOS, swims, slowness 1, strong legs 1
a: Hop


You were on level 3 of the Dungeon.
You were not hungry.

You visited 1 branch of the dungeon, and saw 3 of its levels.

You collected 65 gold pieces.

Inventory:

Hand Weapons
 a - a +0 long sword (weapon)
 k - a +1 dagger of protection
 p - a +4 dagger
Missiles
 d - 3 throwing nets (quivered)
 o - 3 tomahawks
Armour
 b - a +0 leather armour (worn)
 c - a +0 helmet (worn)
Jewellery
 q - an uncursed amulet of guardian spirit
 r - an amulet of the gourmand (around neck)
Scrolls
 e - 2 scrolls of remove curse {unknown}
 g - a scroll of enchant weapon {unknown}
 j - 4 scrolls of identify {unknown}
 l - 2 scrolls of fear {unknown}
 s - a scroll of amnesia {unknown}
Potions
 h - 2 potions of curing
Comestibles
 f - a bread ration
 i - a royal jelly
 n - 2 meat rations


   Skills:
 + Level 3.2 Fighting
 + Level 5.0 Long Blades
 + Level 2.4 Throwing
 + Level 1.6 Armour
 + Level 3.8 Dodging
 + Level 0.4 Stealth


You had 3 spell levels left.
You didn't know any spells.

Dungeon Overview and Level Annotations

Branches:
Dungeon (3/15)

Altars:
Nemelex Xobeh


Innate Abilities, Weirdness & Mutations

Shadows flee at your approach. (+LOS)
You can swim through water.
You cover ground slowly.
You can hop short distances.


Message History

You kill the kobold!
The orc completely misses you.
You barely miss the orc. The orc hits you but does no damage. x2
You hit the orc.
The orc is heavily wounded.
The orc hits you.
* * * LOW HITPOINT WARNING * * *
The orc barely misses you.
You hit the orc.
You kill the orc!
The orc hits you.
* * * LOW HITPOINT WARNING * * *
You hit the orc.
The orc is heavily wounded.
The orc barely misses you. The orc closely misses you.
The orc hits you but does no damage.
You barely miss the orc.
The orc is heavily wounded.
The orc hits you with a morningstar!
You die...

######..##.....# #.#............
#...###.....####...#...#.....÷
....#####........##.....##....†.
.....#.............##.....#......
................#..##...#.#).....
.....!.............##..##........
................#..#...#####....)
.............o#.....### #......
...........##o@.......# #......
...........####........#.......
...........# #.................
..........## ..................
.......... ##................
#..##.#. ................ .# ..#.
................ ................
........


You could see 2 orcs.

Vanquished Creatures
  3 adders
  2 oozes
  A worm (D:2)
  6 orcs (D:3)
  5 bats
  3 giant cockroaches
  7 goblins
  9 hobgoblins
  6 jackals
  11 kobolds
  A ball python (D:1)
  5 frilled lizards
  6 rats
65 creatures vanquished.

Notes
Turn   | Place    | Note
-------+----------+-------------------------------------------
     0 | D:1      | slep the Barachi Gladiator began the quest for the Orb.
     0 | D:1      | Reached XP level 1. HP: 17/17 MP: 1/1
   142 | D:1      | Reached XP level 2. HP: 15/23 MP: 2/2
   458 | D:1      | Reached skill level 4 in Long Blades
   604 | D:1      | Reached XP level 3. HP: 28/28 MP: 3/3
   857 | D:2      | Reached skill level 1 in Armour
   967 | D:2      | Reached XP level 4. HP: 35/35 MP: 4/4
  1331 | D:3      | Found a sparkling altar of Nemelex Xobeh.
  1413 | D:3      | Reached skill level 5 in Long Blades
  1419 | D:3      | Mangled by an orc

Skill      XL: |  1  2  3  4 |
---------------+-------------+-----
Long Blades    | 4 5 |  5.0
Armour         | 1 |  1.6
Fighting       | 3 |  3.2
Throwing       | |  2.4
Dodging        | |  3.8
Stealth        | |  0.4

Action                   |  1- 3 |  4- 6 || total
-------------------------+-------+-------++-------
Melee: Long sword        |    73 |    68 ||   141
  Use: Potion            |       |     1 ||     1
  Eat: Chunk             |     1 |     7 ||     8
Armor: Leather armour    |    29 |    21 ||    50
Dodge: Dodged            |    56 |    60 ||   116
       Rpst.: Long sword |    20 |    13 ||    33
